 Dungeon Crawl Stone Soup version 0.28-a0-8-g6e044cfa68 (webtiles) character file.

Game seed: 5641107888017053766

5407 fiend the Cleaver (level 10, -4/95 HPs)
             Began as a Minotaur Fighter on July 23, 2021.
             Was an Initiate of Gozag.
             Slain by a warg (11 damage)
             ... on level 8 of the Dungeon.
             The game lasted 00:07:05 (8477 turns).

fiend the Cleaver (Minotaur Fighter)                Turns: 8477, Time: 00:07:05

Health: -4/95      AC:  8    Str: 22    XL:     10   Next: 40%
Magic:  9/9        EV:  9    Int:  5    God:    Gozag
Gold:   733        SH:  5    Dex: 12    Spells: 9/9 levels left

rFire   . . .      SeeInvis .   a - +0 war axe
rCold   . . .      Faith    .   e - +0 buckler
rNeg    . . .      Spirit   .   b - +0 scale mail
rPois   .          Reflect  .   (helmet restricted)
rElec   .          Harm     .   (no cloak)
rCorr   .          Rampage  .   (no gloves)
Will    +....                   k - +0 pair of boots
Stlth   ..........              (no amulet)
HPRegen 0.25/turn               m - ring of willpower
MPRegen 0.11/turn               (no ring)

@: gold aura
A: horns 2, retaliatory headbutt
a: Renounce Religion, Potion Petition, Call Merchant, Bribe Branch


You were on level 8 of the Dungeon.
You worshipped Gozag.
Gozag was pleased with you.
You visited 1 branch of the dungeon, and saw 8 of its levels.
You also visited: Sewer.

You collected 1159 gold pieces.
You paid 426 gold pieces to Gozag.

Inventory:

Hand Weapons
 a - a +0 war axe (weapon)
Missiles
 o - 4 silver javelins (quivered)
Armour
 b - a +0 scale mail (worn)
 c - a +0 kite shield
 e - a +0 buckler (worn)
 k - a +0 pair of boots (worn)
Jewellery
 m - a ring of willpower (left hand)
Wands
 r - a wand of paralysis (10)
 s - a wand of flame (15)
 D - a wand of digging (6)
Scrolls
 g - a scroll of immolation
 i - a scroll of torment {unknown}
 j - a scroll of brand weapon {unknown}
 n - a scroll of amnesia {unknown}
 B - 4 scrolls of blinking
Potions
 d - 2 potions of degeneration
 f - a potion of attraction
 h - 3 potions of haste
 l - a potion of heal wounds
 p - a potion of flight {unknown}
 q - 4 potions of curing
 t - a potion of resistance {unknown}


   Skills:
 - Level 11.0 Fighting
 + Level 14.5 Axes
 - Level 3.6 Armour
 - Level 4.4 Shields


You had 9 spell levels left.
You didn't know any spells.
Your spell library contained the following spells:

 Spells                   Type           Power      Damage    Failure   Level
 Ensorcelled Hibernation  Hex/Ice        0%         N/A       90%         2
 Static Discharge         Conj/Air       0%         N/A       90%         2
 Sublimation of Blood     Necr           0%         N/A       90%         2
 Spider Form              Tmut/Pois      0%         N/A       99%         3
 Dispel Undead            Necr           0%         3d6       100%        4
 Petrify                  Tmut/Erth      0%         N/A       100%        4
 Sticky Flame             Conj/Fire      0%         2d3       100%        4
 Irradiate                Conj/Tmut      0%         3d13      100%        5
 Lightning Bolt           Conj/Air       0%         1d11      100%        5
 Shadow Creatures         Summ           N/A        N/A       100%        6
 Maxwell's Capacitive Co  Air            0%         ∞         100%        8


Dungeon Overview and Level Annotations

Branches:
Dungeon (8/15)             Temple (0/1) D:7            Lair (0/6) D:8
  Sewer (visited)

Altars:
Cheibriados
Fedhas
Gozag
Hepliaklqana
Sif Muna
Wu Jian


Innate Abilities, Weirdness & Mutations

You have a pair of horns on your head.
You reflexively headbutt those who attack you in melee.


Message History

The warg bites you but does no damage. x2; The warg bites you!
The orc priest looks braver for a moment.
The warg bites you.
You take 13 damage, and have 38/95 hp.
You closely miss the orc priest. You hit the warg but do no damage. x2
You closely miss the orc. You closely miss the warg.
You block the warg's attack. x2; The orc priest hits you with a +0 club.
The orc hits you but does no damage.
The warg pauses to sniff the ground.
The warg bites you.
You take 8 damage, and have 30/95 hp.
You slash the orc priest! You miss the warg. You closely miss the orc.
You slash the warg! You hit the warg. The warg bites you.
* * * LOW HITPOINT WARNING * * *
You block the warg's attack. The warg closely misses you.
You furiously retaliate!
You headbutt the warg!
The orc priest hits you but does no damage.
The orc hits you but does no damage.
You take 4 damage, and have 26/95 hp.
Unknown command.
You slash the orc priest!
You kill the orc priest!
You barely miss the warg. You slash the orc!
You kill the orc!
You hit the warg. You slash the warg! The warg closely misses you.
The warg bites you!
* * * LOW HITPOINT WARNING * * *
You block the warg's attack.
You take 14 damage, and have 12/95 hp.
Unknown command.
You slash the warg!
You kill the warg!
You miss the warg. You closely miss the warg. The warg bites you.
* * * LOW HITPOINT WARNING * * *
The warg is distracted by your dazzling golden aura.
The warg howls!
You take 6 damage, and have 6/95 hp.
The warg bites you!
You die...
Your body crumbles into a pile of gold.

##.##..<................
#####.##...(...........
#...##...............
##..###.#.............
###.......#.#...........
#...........#...........
#....####.....# ##.....
#....##........ ...
####.#$@.P..... ...
#...h......P ...
#..h$...>...
##.......... ##........P
##........ ###.....#
##.... ##.


You could see 2 wargs.

Vanquished Creatures
  A two-headed ogre (D:7)
  Pikel (D:4)
  Prince Ribbit (D:5)
  Grinder (D:5)
  Menkaure (D:6)
  A warg (D:8)
  4 water moccasins
  An acid dragon (D:5)
  Purgy (Sewer)
  An orc warrior (D:8)
  2 black bears
  An ice beast (D:7)
  4 ogres
  A centaur (D:7)
  3 phantoms
  A kobold brigand (D:8)
  A gnoll sergeant (D:5)
  2 bullfrogs
  A wyvern zombie (D:5)
  2 scorpions (D:6)
  A water moccasin zombie (D:4)
  A water moccasin skeleton (D:7)
  5 killer bees (D:7)
  2 howler monkeys
  4 wights
  2 centaur zombies
  2 jellies (D:6)
  5 orc priests
  A gnoll shaman (D:6)
  A hound (D:7)
  An iron imp (D:4)
  3 iguanas
  Natasha (thrice) (D:4)
  8 orc wizards
  3 hound zombies (D:4)
  A howler monkey zombie (D:7)
  Robin (D:2)
  5 gnolls
  7 adders
  2 adder skeletons (D:4)
  3 worms
  6 dart slugs
  29 orcs
  11 endoplasms
  7 giant cockroaches
  14 goblins
  13 hobgoblins
  7 jackals
  7 quokkas
  7 ball pythons
  4 bats
  5 frilled lizards
  13 kobolds
  3 rats
218 creatures vanquished.

Vanquished Creatures (others)
  5 demonic plants (D:1)
  10 fungi
  11 plants
26 creatures vanquished.

Grand Total: 244 creatures vanquished

Notes
Turn   | Place    | Note
-------+----------+-------------------------------------------
     0 | D:1      | fiend the Minotaur Fighter began the quest for the Orb.
     0 | D:1      | Reached XP level 1. HP: 19/19 MP: 0/0
    35 | D:1      | Reached skill level 3 in Axes
    35 | D:1      | Reached XP level 2. HP: 15/27 MP: 1/1
   276 | D:1      | Found a faded altar of an unknown god.
   318 | D:1      | Reached XP level 3. HP: 32/33 MP: 2/2
   732 | D:2      | Reached skill level 4 in Axes
   788 | D:2      | Reached XP level 4. HP: 22/40 MP: 3/3
   975 | D:2      | Noticed Robin
   980 | D:2      | Killed Robin
  1758 | D:3      | Reached XP level 5. HP: 44/47 MP: 4/4
  1883 | D:3      | Reached skill level 5 in Axes
  1934 | D:3      | Reached skill level 5 in Fighting
  2232 | D:3      | Found a glowing drain.
  2239 | Sewer    | Entered a sewer
  2259 | Sewer    | Noticed Purgy
  2265 | Sewer    | Killed Purgy
  2266 | Sewer    | Reached skill level 6 in Axes
  2266 | Sewer    | Reached XP level 6. HP: 49/56 MP: 5/5
  3032 | D:4      | Noticed Pikel
  3056 | D:4      | Killed Pikel
  3057 | D:4      | Reached skill level 8 in Axes
  3057 | D:4      | Reached XP level 7. HP: 21/64 MP: 6/6
  3325 | D:4      | Noticed Natasha
  3332 | D:4      | Killed Natasha
  3371 | D:4      | Found an opulent altar of Gozag.
  3382 | D:4      | Became a worshipper of Gozag Ym Sagoz the Greedy
  3411 | D:4      | Reached skill level 9 in Axes
  3428 | D:4      | Noticed Natasha
  3439 | D:4      | Killed Natasha
  3484 | D:4      | Reached XP level 8. HP: 59/73 MP: 7/7
  3701 | D:4      | Found a snail-covered altar of Cheibriados.
  3937 | D:4      | Noticed Natasha
  3940 | D:4      | Killed Natasha
  4006 | D:4      | Reached skill level 10 in Axes
  4358 | D:5      | Entered Level 5 of the Dungeon
  4368 | D:5      | Noticed Prince Ribbit
  4846 | D:5      | Killed Prince Ribbit
  4847 | D:5      | Reached skill level 11 in Axes
  5070 | D:5      | Reached XP level 9. HP: 81/81 MP: 8/8
  5073 | D:5      | Reached skill level 12 in Axes
  5136 | D:5      | Noticed Grinder
  5152 | D:5      | Killed Grinder
  5589 | D:5      | Found a blossoming altar of Fedhas.
  5637 | D:5      | Found a shimmering blue altar of Sif Muna.
  5671 | D:5      | Reached skill level 13 in Axes
  5790 | D:5      | Found a hazy altar of Hepliaklqana.
  5792 | D:5      | Found a faded altar of an unknown god.
  5972 | D:6      | Noticed Menkaure
  5977 | D:6      | Killed Menkaure
  6409 | D:6      | Reached skill level 14 in Axes
  6990 | D:7      | Noticed a two-headed ogre
  7001 | D:7      | Killed a two-headed ogre
  7002 | D:7      | Reached skill level 10 in Fighting
  7002 | D:7      | Reached XP level 10. HP: 41/94 MP: 9/9
  7315 | D:7      | Found a staircase to the Ecumenical Temple.
  8377 | D:8      | Found an ornate altar of the Wu Jian Council.
  8463 | D:8      | Found a staircase to the Lair.
  8477 | D:8      | Slain by a warg

Illustrated notes

Levels and vault maps discovered:
D:1:      psy_arrival_radial02, layout_rooms, shapermc_ecumenical_altar_gd
D:2:      layout_loops_ring, uniq_robin
D:3:      layout_loops_corners, gup_sewer_entry_bubbles
D:4:      cheibrodos_helix_gallery, layout_basic, nicolae_gozag_seed_capital,
          slow_altar_2, serial_undead, serial_undead_f, serial_undead_c,
          serial_undead_f, serial_undead_e, minmay_misc_feat_columns,
          uniq_natasha, uniq_pikel
D:5:      minmay_spotlight, layout_rooms, beargit_hepliaklqana_dungeon_heroes,
          led_sif_pool, fedhas_altar_3, chequers_jeans, uniq_prince_ribbit1,
          uniq_grinder
D:6:      layout_rooms, uniq_menkaure
D:7:      layout_basic, minmay_temple_entry_statues, chequers_ossuary_entry_cave
D:8:      layout_cave_pools, tso_oasis_becter,
          nicolae_wu_jian_immortal_techniques, erik_lair_orcish_takeover

Skill      XL: |  1  2  3  4  5  6  7  8  9 10 |
---------------+-------------------------------+-----
Axes           | 3 4 6 8 9 11 14 | 14.5
Fighting       | 4 5 6 7 8 10 11 | 11.0
Shields        | 4 |  4.4
Armour         | |  3.6

Action                   |  1- 3 |  4- 6 |  7- 9 | 10-12 || total
-------------------------+-------+-------+-------+-------++-------
Melee: War axe           |    64 |   137 |   247 |    83 ||   531
       Headbutt          |     5 |    18 |    63 |    13 ||    99
Invok: Potion Petition   |       |       |     1 |       ||     1
  Use: Potion            |       |     1 |       |       ||     1
       Scroll            |       |       |     2 |     5 ||     7
 Stab: Distracted        |       |       |     1 |     1 ||     2
Armor: Scale mail        |    27 |    52 |    63 |    41 ||   183
Dodge: Dodged            |    28 |    53 |    72 |    34 ||   187
Block: Kite shield       |    54 |    26 |       |       ||    80
       Buckler           |       |    26 |    35 |    22 ||    83

Table legend: (Time is in decaauts)
 A = Elapsed time spent in this place.
 B = Non-inter-level travel time spent in this place.
 C = Inter-level travel time spent in this place.
 D = Time resting spent in this place.
 E = Time spent auto-exploring this place.
 F = Levels seen in this place.
 G = Mean time per level.
                   A        B        C        D        E       F      G
               +--------+--------+--------+--------+--------+-----+--------+
         Total |   8560 |   8287 |    273 |   1103 |   6040 |   9 |  951.1 |
       Dungeon |   8327 |   8054 |    273 |   1103 |   5849 |   8 | 1040.9 |
         Sewer |    233 |    233 |      0 |      0 |    191 |   1 |  233.0 |
               +--------+--------+--------+--------+--------+-----+--------+

Top non-repeatable levels by time:
     D:4: 1900 daAuts
     D:3: 1242 daAuts
     D:7: 1209 daAuts
     D:5: 1072 daAuts
     D:2: 942 daAuts
     D:6: 834 daAuts
     D:1: 689 daAuts
     D:8: 435 daAuts
   Sewer: 233 daAuts
